Map: Chantier naval orbital

Players

Kamenashi

  • Race: Terran Terran
  • League: Diamond

Marador - Winner!

  • Race: Terran Terran
  • League: Master

VOD

Have the link to the VOD?

Description

Time

  • Played on: May 10, 2016, 1:26 p.m.
  • Length: 11:57
Show
View Real Time Build Order
Export as new Build Order

Kamenashi Terran 

Build Orders:  

Get SALT Encoding   

  12  0:01  SCV  
  13  0:16  Supply Depot  
  13  0:24  Refinery  
  13  0:42  Barracks  
  13  0:57  Barracks  
  13  1:04  SCV  
  14  1:16  SCV  
  15  1:29  Reaper  
  17  1:36  Orbital Command  
  16  1:46  Reaper  
  17  1:55  Supply Depot  
  17  2:01  Reaper  
  18  2:18  Reaper  
  19  2:28  SCV  
  20  2:33  Reaper  
  21  2:40  SCV  
  22  2:52  SCV  
  21  3:07  Reaper x2  
  21  3:17  Command Center  
  21  3:21  SCV  
  21  3:24  Refinery  
  22  3:28  Supply Depot  
  22  3:33  SCV  
  23  3:39  Factory  
  23  3:47  SCV  
  24  3:59  SCV  
  25  4:05  Supply Depot  
  25  4:08  Barracks  
  25  4:11  SCV  
  26  4:23  SCV  
  27  4:28  Bunker  
  28  4:35  SCV x2  
  27  4:42  Starport, Factory Tech Lab  
  27  4:43  Engineering Bay  
  26  4:47  SCV  
  27  4:53  Orbital Command  
  27  4:59  SCV  
  26  5:02  Siege Tank  
  26  5:05  Marine  
  28  5:15  SCV  
  28  5:17  Barracks Tech Lab  
  28  5:18  SCV  
  30  5:23  Marine  
  30  5:27  SCV  
  32  5:30  Medivac  
  32  5:31  SCV  
  35  5:39  Marine  
  35  5:40  SCV  
  35  5:42  Supply Depot  
  37  5:43  SCV  
  38  5:50  Barracks Reactor  
  38  5:52  SCV  
  39  5:57  SCV  
  39  5:58  Missile Turret  
  39  5:59  Missile Turret  
  39  6:00  Barracks Reactor  
  39  6:04  SCV  
  41  6:09  Viking, SCV  
  45  6:16  SCV  
  46  6:21  SCV  
  41  6:26  Marine x3  
  41  6:28  SCV  
  41  6:32  Siege Tank  
  48  6:33  SCV  
  48  6:38  Supply Depot  
  49  6:40  Refinery, SCV  
  49  6:41  Refinery  
  49  6:45  SCV, Supply Depot  
  51  6:47  Viking  
  52  6:56  SCV  
  52  6:58  SCV  
  40  7:08  SCV, Marine x2  
  40  7:09  Marine x2  
  40  7:10  SCV  
  42  7:20  SCV, Marine  
  42  7:22  SCV  
  43  7:26  Marine x2  
  43  7:28  Marine  
  45  7:33  SCV  
  45  7:34  Viking  
  46  7:37  Marine  
  46  7:42  Marine  
  34  8:03  SCV  
  35  8:16  Marine  
  35  8:18  Supply Depot  
  36  8:20  SCV  
  36  8:21  Factory Tech Lab  
  37  8:29  SCV  
  37  8:33  Barracks Reactor, Barracks Tech Lab  
  38  8:35  Medivac  
  38  8:39  Marine x2  
  42  8:48  Siege Tank  
  45  8:51  SCV  
  46  8:57  Marine  
  46  9:00  SCV  
  48  9:04  Stimpack, SCV  
  48  9:05  Marine x2  
  50  9:19  Marine  
  50  9:20  SCV, Marine x2  
  50  9:21  Siege Tank  
  50  9:23  SCV  
  58  9:28  Marine x2  
  60  9:33  SCV  
  60  9:37  SCV  
  82  9:38  Medivac  
  62  9:40  Marine x2  
  62  9:41  Marine  
  62  9:45  SCV  
  68  9:49  SCV  
  68  9:50  Supply Depot  
  69  9:55  Marine x2  
  69  9:58  Refinery  
  75  10:00  Siege Tank  
  75  10:01  Marine  
  75  10:05  Marine x2  
  77  10:14  Marine x2  
  77  10:18  Marine  
  77  10:21  Viking  
  82  10:22  Marine  
  82  10:23  Marine  
  84  10:32  Marine  
  84  10:33  Siege Tank  
  88  10:37  Supply Depot x2  
  88  10:42  Marine x2  
  88  10:46  Supply Depot  
  79  11:10  Marine x3  
  65  11:13  Viking  
  60  11:27  Marine  
  60  11:28  Marine x2  
Show
View Real Time Build Order
Export as new Build Order

Marador Terran - Winner!

Build Orders: Reaper Expand 

Get SALT Encoding   

  12  0:01  SCV  
  13  0:13  SCV  
  14  0:17  Supply Depot  
  14  0:25  SCV  
  15  0:39  SCV  
  15  0:41  Barracks  
  16  0:45  Refinery  
  16  0:51  SCV  
  17  1:03  SCV  
  18  1:15  SCV  
  19  1:28  Reaper  
  19  1:29  Orbital Command  
  20  1:41  Command Center  
  20  1:52  Supply Depot  
  20  1:55  SCV  
  20  2:00  Barracks Reactor  
  21  2:07  SCV  
  21  2:27  Factory  
  18  2:38  Marine x2  
  15  2:56  Marine x2  
  12  3:13  SCV  
  12  3:16  Hellion  
  15  3:22  Marine x2  
  15  3:25  SCV  
  18  3:38  SCV  
  21  3:41  Hellion  
  21  3:49  Orbital Command, Marine x2  
  21  3:50  SCV  
  24  4:03  SCV  
  24  4:08  Marine x2  
  27  4:15  SCV  
  28  4:18  Hellion  
  30  4:27  SCV  
  30  4:29  Marine x2  
  33  4:38  SCV  
  33  4:39  SCV  
  35  4:47  Marine  
  35  4:48  Marine  
  35  4:50  SCV  
  35  4:52  SCV  
  39  5:03  SCV  
  39  5:04  SCV  
  41  5:10  Marine x2  
  41  5:13  Refinery  
  43  5:15  SCV  
  43  5:16  SCV  
  44  5:27  Supply Depot, SCV  
  45  5:28  Supply Depot, SCV  
  46  5:40  Starport, Factory Tech Lab  
  46  5:48  SCV x2, Marine x2  
  50  5:59  Siege Tank  
  50  6:00  Supply Depot  
  50  6:01  SCV x2  
  55  6:08  Marine x2  
  57  6:13  SCV x2  
  57  6:14  Engineering Bay  
  57  6:18  Viking  
  61  6:25  SCV x2  
  63  6:31  Marine  
  63  6:32  Marine  
  65  6:37  SCV  
  66  6:41  SCV  
  67  6:49  SCV  
  60  7:02  Marine  
  60  7:03  Siege Tank, Marine  
  60  7:04  Viking  
  66  7:20  Marine x2  
  66  7:21  SCV x2  
  70  7:25  Command Center  
  70  7:38  SCV  
  70  7:40  Marine  
  70  7:41  SCV  
  67  7:46  Siege Tank, Marine  
  67  7:48  Medivac  
  67  7:50  SCV  
  68  7:55  Terran Infantry Weapons Level 1, Barracks  
  68  7:57  Engineering Bay, SCV  
  68  7:58  Refinery, Barracks, Marine  
  68  7:59  Refinery, Supply Depot  
  68  8:00  Supply Depot  
  68  8:02  SCV  
  70  8:21  Siege Tank, SCV x2, Marine  
  70  8:23  Starport Reactor  
  76  8:33  SCV x2, Marine  
  79  8:37  Orbital Command  
  79  8:38  Barracks, Marine  
  79  8:39  Barracks  
  80  8:44  Missile Turret  
  80  8:45  Missile Turret, SCV x2  
  80  8:46  Barracks Reactor  
  80  8:47  Missile Turret, Barracks Tech Lab  
  82  8:54  Marine  
  83  8:56  Marine  
  83  8:57  Orbital Command, SCV x2  
  83  9:00  Terran Infantry Armor Level 1  
  83  9:01  Medivac  
  83  9:02  Medivac  
  90  9:09  SCV x2  
  92  9:12  Marine  
  92  9:13  Siege Tank, Marine  
  97  9:23  SCV  
  97  9:24  SCV x2  
  99  9:31  Marine  
  99  9:32  Barracks Reactor x2  
  99  9:34  Stimpack, Marine  
  99  9:38  Command Center  
  101  9:46  Supply Depot x2  
  101  9:47  Supply Depot  
  101  9:50  Supply Depot  
  101  9:54  Armory  
  101  10:07  Medivac, Siege Tank, SCV x2, Marine  
  101  10:08  Marine x4  
  101  10:09  SCV  
  101  10:12  Refinery  
  101  10:13  Refinery  
  114  10:14  Medivac  
  114  10:15  Marine x4  
  114  10:19  SCV x2  
  122  10:21  SCV  
  122  10:25  Marine  
  122  10:26  Marine x4  
  128  10:30  Factory  
  128  10:31  SCV  
  128  10:33  Marine x4  
  133  10:40  Sensor Tower  
  133  10:49  Marine x5  
  138  10:50  Marine  
  139  11:05  Marine  
  139  11:06  Marine x2  
  139  11:07  Siege Tank, Marine x3  
  139  11:10  Marine x2  
  148  11:12  Marine  
  148  11:13  Medivac  
  147  11:22  Medivac  
  147  11:23  Marine  
  145  11:28  Marine x5  
  145  11:30  Marine  
  145  11:31  Marine x2  
Tags
 
Add a new tag
Caveats
  • Supply blocks, unpowered buildings, or Contaminate may cause inaccurate times.
  • Supply counts are checked every 10 seconds.